 Dungeon Crawl Stone Soup version 0.28-a0-8-g6e044cfa68 (webtiles) character file.

Game seed: 18184591368317729362

5256 barkas the Martial Artist (level 10, -3/130 HPs)
             Began as a Naga Transmuter on July 24, 2021.
             Was an Initiate of Sif Muna.
             Slain by Harold (11 damage)
             ... on level 8 of the Dungeon.
             The game lasted 00:10:20 (8189 turns).

barkas the Martial Artist (Naga Transmuter)         Turns: 8189, Time: 00:10:20

Health: -3/130     AC: 17    Str: 12    XL:     10   Next: 62%
Magic:  11/13      EV:  9    Int: 21    God:    Sif Muna [......]
Gold:   369        SH:  5    Dex: 13    Spells: 4/13 levels left

rFire   + . .      SeeInvis +     - Unarmed
rCold   . . .      Faith    .   (no shield)
rNeg    . . .      Spirit   .   a - +0 robe
rPois   +          Reflect  +   u - +0 helmet
rElec   .          Harm     .   t - +2 cloak {rPois}
rCorr   .          Rampage  .   c - +0 pair of gloves
Will    +....                   d - +4 barding of Eliet {Int+5}
Stlth   ..........              m - amulet of reflection
HPRegen 0.31/turn               w - ring of protection from fire
MPRegen 0.13/turn               (no ring)

@: berserking, quick
A: AC +3, large, see invisible, deformed body, poison resistance, slowness 2,
spit poison 1, naga tail 1
a: Spit Poison, Renounce Religion


You were on level 8 of the Dungeon.
You worshipped Sif Muna.
Sif Muna was noncommittal.
You visited 2 branches of the dungeon, and saw 9 of its levels.

You collected 369 gold pieces.

Inventory:

Missiles
 n - 49 poisoned darts (quivered)
 o - 8 atropa-tipped darts
 A - a curare-tipped dart
Armour
 a - a +0 robe (worn)
 c - a +0 pair of gloves (worn)
 d - the +4 barding of Eliet (worn) {Int+5}
   (You acquired it on level 1 of the Dungeon)

   Int:       It affects your intelligence (+5).
 t - a +2 cloak of poison resistance (worn)
 u - a +0 helmet (worn)
 v - a +0 kite shield
 z - +0 steam dragon scales
 E - +0 acid dragon scales
Magical Staves
 p - a staff of conjuration
Jewellery
 k - an amulet of regeneration
 m - an amulet of reflection (around neck)
 q - the ring of Departure {rN+ Str+4 SInv}
   (You found it on level 8 of the Dungeon)

   [ring of positive energy]

   Str:       It affects your strength (+4).
   rN:        It protects you from negative energy.
   SInv:      It lets you see invisible.
 w - a ring of protection from fire (left hand)
Wands
 y - a wand of flame (26)
Scrolls
 b - 2 scrolls of vulnerability
 e - 3 scrolls of amnesia
 f - 3 scrolls of blinking
 j - a scroll of fear {unknown}
 s - a scroll of teleportation
 B - a scroll of brand weapon
 C - 2 scrolls of fog {unknown}
 D - a scroll of enchant armour {unknown}
 F - a scroll of silence {unknown}
Potions
 h - a potion of degeneration
 i - 2 potions of lignification
 l - 4 potions of curing
 r - a potion of magic
 x - a potion of haste


   Skills:
 + Level 4.8 Fighting
 + Level 4.0 Dodging
 + Level 7.2 Stealth
 + Level 2.1 Shields
 * Level 13.1 Unarmed Combat
 - Level 2.0 Spellcasting
 + Level 2.8 Conjurations
 + Level 4.3 Transmutations
 - Level 4.0 Poison Magic


You had 4 spell levels left.
You knew the following spells:

 Your Spells              Type           Power      Damage    Failure   Level
a - Beastly Appendage     Tmut           40%        N/A       2%          1
b - Spider Form           Tmut/Pois      9%         N/A       9%          3
c - Irradiate             Conj/Tmut      8%         3d16      67%         5

Your spell library contained the following spells:

 Spells                   Type           Power      Damage    Failure   Level
 Wereblood                Tmut           20%        N/A       3%          2
 Foxfire                  Conj/Fire      32%        2x1d5     9%          1
 Sublimation of Blood     Necr           1%         N/A       22%         2
 Conjure Flame            Conj/Fire      8%         6-21      26%         3
 Stone Arrow              Conj/Erth      16%        3d8       26%         3
 Inner Flame              Hex/Fire       2%         N/A       41%         3
 Ice Form                 Ice/Tmut       11%        N/A       52%         4
 Petrify                  Tmut/Erth      11%        N/A       52%         4
 Animate Armour           Summ/Erth      4%         N/A       82%         4
 Lehudib's Crystal Spear  Conj/Erth      4%         10d3      100%        8


Dungeon Overview and Level Annotations

Branches:
Dungeon (8/15)             Temple (1/1) D:7
   Lair: D:8-11

Altars:
Ashenzari
Dithmenos
Elyvilon
Fedhas
Gozag
Makhleb
Nemelex Xobeh
Okawaru
Qazlal
Sif Muna
Trog
Vehumet
Wu Jian
Xom
Yredelemnul
Zin
The Shining One

Annotations:
D:8 Harold


Innate Abilities, Weirdness & Mutations

Your serpentine skin is tough. (AC +3)
You have supernaturally acute eyesight. (SInv)
Armour fits poorly on your strangely shaped body.
Your system is resistant to poisons. (rPois)
You cover ground very slowly.
You can spit poison.
You have a snake-like lower body.


Message History

The +4 barding of Eliet {Int+5} unmelds from your body.
Your +0 robe unmelds from your body.
You feel resistant to poison. Harold hits you but does no damage.
You hit Harold but do no damage.
Harold is moderately wounded.
You block Harold's attack.
Unknown command.
You hit Harold.
Harold is moderately wounded.
Unknown command.
You punch Harold!
Harold is heavily wounded.
Harold hits you with a +0 war axe!
Unknown command.
You hit Harold but do no damage.
Harold is heavily wounded.
Harold hits you with a +0 war axe!
* * * LOW HITPOINT WARNING * * *
Unknown command.
Press: ? - help, Shift-Dir - straight line, f/p - Harold
Aim: Harold, wielding a +0 war axe, wearing a +0 scale mail of poison resistance and quivering 2 throwing nets (heavily wounded, very poisoned)
The splash of poison hits Harold.
Harold is heavily wounded.
Harold hits you with a +0 war axe.
* * * LOW HITPOINT WARNING * * *
A red film seems to cover your vision as you go berserk!
You feel yourself moving faster!
You feel mighty! Harold hits you with a +0 war axe.
* * * LOW HITPOINT WARNING * * *
You hit Harold but do no damage.
Harold is heavily wounded.
You punch Harold!
Harold is severely wounded.
You have got your breath back.
Harold hits you with a +0 war axe!
* * * LOW HITPOINT WARNING * * *
You hit Harold.
Harold is severely wounded.
Harold hits you with a +0 war axe!
You die...

#.#...(.(.....#######.#
#.#..)................#
#.#..#####..[.........รท
#.#..# #.......[...##
#....# #...........##
###..# #.....[.....#
#####..#####...#.......#
#..............#.......#
#.###..@@......####.#.##
#####.###.## #o#. #.#
#.# ## #.# #. #.# ## #.#
#.# #.#


You could see Harold (very poisoned).

Vanquished Creatures
  Pikel (D:4)
  Maggie (D:6)
  Sigmund (D:2)
  4 yaks (D:8)
  A wyvern (D:7)
  Menkaure (D:6)
  3 steam dragons (D:8)
  Edmund (D:4)
  A water moccasin (D:6)
  Duvessa (D:5)
  An acid dragon (D:8)
  An orc warrior (D:7)
  3 sky beasts
  A necrophage (D:8)
  2 ogres (D:6)
  3 centaurs
  A phantom (D:3)
  2 kobold brigands
  4 bullfrogs
  Dowan (D:5)
  A wyvern skeleton (D:7)
  2 water moccasin skeletons
  3 jellies
  8 howler monkeys (D:7)
  2 bullfrog zombies
  A centaur zombie (D:5)
  2 hounds
  A centaur skeleton (D:7)
  An orc priest (D:8)
  2 bullfrog skeletons
  Crazy Yiuf (D:5)
  6 iguanas
  An orc wizard (D:7)
  A killer bee zombie (D:5)
  7 adders
  An ufetubus (D:4)
  3 worms
  5 dart slugs
  20 orcs
  7 bats
  6 endoplasms
  2 giant cockroaches (D:1)
  4 goblins
  5 hobgoblins
  10 jackals
  13 kobolds
  6 quokkas
  5 ball pythons
  2 frilled lizards (D:2)
  4 rats
166 creatures vanquished.

Notes
Turn   | Place    | Note
-------+----------+-------------------------------------------
     0 | D:1      | barkas the Naga Transmuter began the quest for the Orb.
     0 | D:1      | Reached XP level 1. HP: 18/18 MP: 3/3
   196 | D:1      | Reached XP level 2. HP: 21/25 MP: 3/5
   291 | D:1      | Reached skill level 1 in Stealth
   531 | D:1      | Reached XP level 3. HP: 31/31 MP: 4/6
   696 | D:1      | Found a faded altar of an unknown god.
   884 | D:1      | Identified a scroll of acquirement
   884 | D:1      | Acquired the +4 barding of Eliet {Int+5}
  1490 | D:2      | Learned a level 3 spell: Spider Form
  1552 | D:2      | Reached XP level 4. HP: 35/38 MP: 7/7
  1633 | D:2      | Noticed Sigmund
  1637 | D:2      | Reached skill level 11 in Unarmed Combat
  1637 | D:2      | Reached XP level 5. HP: 40/44 MP: 8/8
  1650 | D:2      | Killed Sigmund
  1651 | D:2      | Reached skill level 1 in Poison Magic
  1651 | D:2      | Reached XP level 6. HP: 21/52 MP: 9/9
  2561 | D:3      | Reached XP level 7. HP: 60/60 MP: 10/10
  2794 | D:4      | Noticed Pikel
  2813 | D:4      | Killed Pikel
  2814 | D:4      | Reached skill level 12 in Unarmed Combat
  2814 | D:4      | Reached XP level 8. HP: 55/68 MP: 11/11
  2990 | D:4      | Noticed Edmund
  3012 | D:4      | Killed Edmund
  3492 | D:5      | Entered Level 5 of the Dungeon
  3492 | D:5      | Noticed Duvessa
  3492 | D:5      | Noticed Dowan
  3622 | D:5      | Killed Duvessa
  3629 | D:5      | Killed Dowan
  3856 | D:5      | Reached skill level 5 in Stealth
  4263 | D:5      | Learned a level 5 spell: Irradiate
  4628 | D:5      | Found a runed translucent door.
  4629 | D:5      | Noticed Crazy Yiuf
  4637 | D:5      | Killed Crazy Yiuf
  4638 | D:5      | Reached XP level 9. HP: 66/76 MP: 8/12
  5377 | D:6      | Reached skill level 1 in Conjurations
  5526 | D:6      | Found an opulent altar of Gozag.
  5682 | D:6      | Identified the +1 robe "Tom Xan" {rC- Will+ Int+3 SInv}
  5694 | D:6      | Noticed Menkaure
  5697 | D:6      | Noticed Maggie
  5704 | D:6      | Killed Menkaure
  5718 | D:6      | Killed Maggie
  5985 | D:7      | Reached skill level 1 in Shields
  6673 | D:7      | Reached XP level 10. HP: 75/85 MP: 13/13
  6889 | D:7      | Found a staircase to the Ecumenical Temple.
  6930 | Temple   | Entered the Ecumenical Temple
  7032 | Temple   | Became a worshipper of Sif Muna the Loreminder
  7342 | D:8      | Identified the ring of Departure {rN+ Str+4 SInv}
  7768 | D:8      | Reached skill level 13 in Unarmed Combat
  8164 | D:8      | Noticed Harold
  8189 | D:8      | Slain by Harold

Illustrated notes

Levels and vault maps discovered:
D:1:      minmay_arrival_stair_chambers, layout_rooms,
          shapermc_ecumenical_altar_venn
D:2:      layout_basic, grunt_ministairs_13, uniq_sigmund
D:3:      layout_basic
D:4:      layout_basic, uniq_pikel, uniq_edmund
D:5:      layout_loops_ring, uniq_crazy_yiuf_cottage, uniq_duvessa
D:6:      layout_basic, nicolae_gozag_cash_rules_everything_around_me,
          uniq_maggie, uniq_menkaure
D:7:      layout_loops_ring, minmay_temple_entry_stoned_glass
D:8:      kennysheep_steamy, layout_loops_ring, uniq_harold
Temple:   kb_temple_of_zot

Skill      XL: |  1  2  3  4  5  6  7  8  9 10 |
---------------+-------------------------------+-----
Stealth        | 1 2 3 5 6 7 |  7.2
Dodging        | 2 3 4 |  4.0
Unarmed Combat | 11 12 13 | 13.1
Poison Magic   | 1 2 3 4 |  4.0
Fighting       | 2 3 4 |  4.8
Transmutations | 3 4 |  4.3
Conjurations   | 1 2 |  2.8
Shields        | 1 2 |  2.1
Spellcasting   | |  2.0

Action                   |  1- 3 |  4- 6 |  7- 9 | 10-12 || total
-------------------------+-------+-------+-------+-------++-------
Melee: Unarmed           |    87 |    55 |   293 |   156 ||   591
       Headbutt          |    10 |       |       |       ||    10
       Punch             |     1 |     4 |    14 |     5 ||    24
Throw: Dart              |       |       |     2 |       ||     2
 Cast: Beastly Appendage |    20 |       |       |     1 ||    21
       Spider Form       |       |       |     1 |     3 ||     4
 Abil: Spit Poison       |    22 |     6 |    30 |     5 ||    63
       End Transformatio |       |       |     1 |     1 ||     2
Evoke: Wand              |       |       |     8 |       ||     8
  Use: Scroll            |     2 |       |    10 |       ||    12
       Potion            |     1 |     2 |       |     1 ||     4
 Stab: Sleeping          |     1 |     2 |     3 |     2 ||     8
       Distracted        |       |       |     1 |       ||     1
Armor: Robe              |    42 |    40 |   166 |    73 ||   321
       Skin              |       |       |       |     1 ||     1
Dodge: Dodged            |    57 |    16 |   110 |    67 ||   250
Block: Other             |       |       |    22 |    31 ||    53
       Reflection        |       |       |       |     1 ||     1

Table legend: (Time is in decaauts)
 A = Elapsed time spent in this place.
 B = Non-inter-level travel time spent in this place.
 C = Inter-level travel time spent in this place.
 D = Time resting spent in this place.
 E = Time spent auto-exploring this place.
 F = Levels seen in this place.
 G = Mean time per level.
                   A        B        C        D        E       F      G
               +--------+--------+--------+--------+--------+-----+--------+
         Total |   9898 |   9417 |    481 |    844 |   7192 |   9 | 1099.8 |
       Dungeon |   9735 |   9277 |    458 |    844 |   7058 |   8 | 1216.9 |
        Temple |    163 |    141 |     22 |      0 |    134 |   1 |  163.0 |
               +--------+--------+--------+--------+--------+-----+--------+

Top non-repeatable levels by time:
     D:5: 1675 daAuts
     D:6: 1584 daAuts
     D:1: 1219 daAuts
     D:7: 1216 daAuts
     D:2: 1172 daAuts
     D:3: 988 daAuts
     D:4: 960 daAuts
     D:8: 917 daAuts
  Temple: 163 daAuts
